 Dungeon Crawl Stone Soup version 0.29.1-1-gd02db6906a (webtiles) character file.

Game seed: 6543958168121371612

613 hawla the Conjurer (level 7, -5/52 HPs)
             Began as a Pale Draconian Conjurer on Sept 29, 2022.
             Was an Initiate of Vehumet.
             Slain by an ice beast (6 damage)
             ... on level 5 of the Dungeon.
             The game lasted 00:13:14 (6040 turns).

hawla the Conjurer (Pale Draconian Conjurer)        Turns: 6040, Time: 00:13:14

Health: -5/52      AC: 10    Str: 10    XL:     7   Next: 20%
Magic:  2/10       EV: 12    Int: 20    God:    Vehumet [......]
Gold:   243        SH:  0    Dex:  9    Spells: 4/11 levels left

rFire   . . .      SeeInvis .   d - +1 dagger (venom)
rCold   . . .      Faith    .   (no shield)
rNeg    . . .      Spirit   .   (body armour unavailable)
rPois   .          Reflect  .   (helmet restricted)
rElec   .          Harm     .   (no cloak)
rCorr   .          Rampage  .   (no gloves)
Will    .....                   (no boots)
Stlth   ++........              (no amulet)
HPRegen 0.00/turn               h - +4 ring of protection
MPRegen 0.12/turn               (no ring)

@: mighty, marked, weakened, very slightly contaminated, inhibited regen
A: breathe steam, AC +6, unfitting armour, cold-blooded, steam resistance,
hooves 1, inhibited regeneration
a: Breathe Steam, Renounce Religion


You were on level 5 of the Dungeon.
You worshipped Vehumet.
Vehumet was noncommittal.
You visited 2 branches of the dungeon, and saw 6 of its levels.

You collected 243 gold pieces.

Inventory:

Hand Weapons
 d - a +1 dagger of venom (weapon)
Missiles
 l - 11 poisoned darts
Jewellery
 h - a +4 ring of protection (left hand)
Scrolls
 b - a scroll of teleportation
 g - 3 scrolls of enchant armour


   Skills:
 - Level 1.0 Fighting
 - Level 2.1 Dodging
 - Level 2.3 Stealth
 - Level 2.5 Spellcasting
 * Level 7.6 Conjurations
 * Level 2.9 Translocations


You had 4 spell levels left.
You knew the following spells:

 Your Spells              Type           Power      Damage    Failure   Level
a - Magic Dart            Conj           100%       1d8       1%          1
b - Searing Ray           Conj           66%        2d6       1%          2
c - Iskenderun's Mystic   Conj/Tloc      23%        2d6       17%         4

Your spell library contained the following spells:

 Spells                   Type           Power      Damage    Failure   Level
 Dazzling Flash           Conj/Hex       34%        N/A       10%         3
 Scorch                   Fire           4%         2d5       22%         2
 Fulminant Prism          Conj/Hex       8%         3d7       30%         4
 Ignite Poison            Fire/Tmut/Pois 2%         N/A       41%         3
 Malign Gateway           Summ/Tloc      4%         N/A       100%        7
 Spellforged Servitor     Conj/Summ      8%         N/A       100%        7
 Summon Horrible Things   Summ           1%         N/A       100%        8
 Chain Lightning          Conj/Air       8%         3d11      100%        9
 Fire Storm               Conj/Fire      8%         8d2       100%        9
 Shatter                  Erth           1%         3d5*      100%        9
 Animate Armour           Summ/Erth      Unusable   N/A       N/A         4

Dungeon Overview and Level Annotations

Branches:
Dungeon (5/15)             Temple (1/1) D:4

Altars:
Ashenzari
Cheibriados
Fedhas
Gozag
Kikubaaqudgha
Makhleb
Nemelex Xobeh
Sif Muna
Vehumet
Xom
The Shining One
Lugonu

Shops:
D:4 *

Annotations:
D:4 Edmund


Innate Abilities, Weirdness & Mutations

You can breathe blasts of scalding, opaque steam.
Your pale cyan-grey scales are hard. (AC +6)
You cannot fit into any form of body armour.
You are cold-blooded and may be slowed by cold attacks.
You are immune to the effects of steam.
You have large cloven feet.
You do not regenerate when monsters are visible.


Message History

Vehumet accepts your kill. The gnoll bouda barely misses you.
The gnoll hits you with a +0 whip.
* * * LOW HITPOINT WARNING * * *
The gnoll closely misses you. The ufetubus barely misses you.
The ufetubus hits you but does no damage.
The gnoll barely misses you. The adder bites you but does no damage.
The gnoll misses you.
You hit the gnoll bouda.
The gnoll bouda is poisoned.
Your kick misses the gnoll bouda.
Your tail-slap misses the gnoll bouda.
The gnoll bouda is moderately wounded.
You are no longer locked in place.
The ufetubus hits you but does no damage.
The ufetubus closely misses you. The gnoll hits you with a +0 whip.
* * * LOW HITPOINT WARNING * * *
The gnoll barely misses you. The gnoll bouda closely misses you.
The adder misses you. The gnoll hits you with a +0 club.
* * * LOW HITPOINT WARNING * * *
The ufetubus closely misses you.
The ufetubus hits you but does no damage.
The gnoll barely misses you.
You hit the adder.
The adder is poisoned.
You kick the adder.
You kill the adder!
Vehumet accepts your kill. The gnoll hits you but does no damage.
The gnoll barely misses you.
The gnoll bouda barks out a call to the hunt!
The ufetubus closely misses you.
The ufetubus hits you but does no damage.
The gnoll hits you from afar with a +0 spear.
* * * LOW HITPOINT WARNING * * *
You hit the gnoll.
The gnoll is poisoned.
Your kick misses the gnoll. You tail-slap the gnoll.
The gnoll is severely wounded.
The ufetubus hits you but does no damage. x2
The gnoll barely misses you. The gnoll bouda misses you.
The gnoll hits you with a +0 whip.
* * * LOW HITPOINT WARNING * * *
The ice beast hits you.
* * * LOW HITPOINT WARNING * * *
The ice beast freezes you.
You die...

### .. . ..
..##[####
......#♣
....g ###Y†#
#.Sg@#
##hgg5#
#.gh5S.)
.....c....#
#...........#
##.......?.##
#.<.........
###?#...##...


You could see an ice beast, a centaur, a gnoll bouda (very poisoned), 2 hounds,
4 gnolls, 2 adders and 2 ufetubi.

Vanquished Creatures
  Grinder (D:4)
  A howler monkey (D:4)
  A hound (D:4)
  2 jellies (D:4)
  2 iguanas
  3 orc wizards (D:4)
  4 gnolls
  6 adders
  2 worms (D:4)
  A dart slug (D:4)
  9 orcs
  7 bats
  4 endoplasms
  3 giant cockroaches (D:4)
  3 goblins (D:1)
  6 hobgoblins
  3 jackals (D:2)
  2 quokkas
  9 ball pythons
  2 frilled lizards
  7 kobolds
  3 rats
81 creatures vanquished.

Vanquished Creatures (others)
  A plant (D:4)
1 creature vanquished.

Grand Total: 82 creatures vanquished

Notes
Turn   | Place    | Note
-------+----------+-------------------------------------------
     0 | D:1      | hawla the Draconian Conjurer began the quest for the Orb.
     0 | D:1      | Reached XP level 1. HP: 14/14 MP: 3/3
   349 | D:1      | Found a faded altar of an unknown god.
   361 | D:1      | Reached XP level 2. HP: 12/20 MP: 0/5
   364 | D:1      | Learned a level 2 spell: Searing Ray
  2122 | D:2      | Reached XP level 3. HP: 26/26 MP: 1/6
  3089 | D:2      | Reached skill level 5 in Conjurations
  3151 | D:3      | Reached XP level 4. HP: 25/34 MP: 2/7
  3298 | D:3      | Found a shimmering blue altar of Sif Muna.
  3464 | D:3      | Reached skill level 1 in Fighting
  3605 | D:2      | Learned a level 4 spell: Iskenderun's Mystic Blast
  3685 | D:3      | Found an ancient bone altar of Kikubaaqudgha.
  3885 | D:3      | Got the Secrets of Scorched Mustering
  4060 | D:4      | Gained mutation: You have large cloven feet. [potion of
                  | mutation]
  4060 | D:4      | Gained mutation: You do not regenerate when monsters are
                  | visible. [potion of mutation]
  4061 | D:4      | Found Ikun's CLEARANCE SALE!.
  4390 | D:3      | Reached XP level 5. HP: 16/40 MP: 0/8
  4627 | D:4      | Reached skill level 1 in Translocations
  4732 | D:4      | Found a staircase to the Ecumenical Temple.
  4744 | D:4      | Reached skill level 6 in Conjurations
  4748 | D:4      | Noticed Grinder
  5007 | D:4      | Killed Grinder
  5008 | D:4      | Reached XP level 6. HP: 28/47 MP: 1/9
  5243 | D:4      | Reached skill level 7 in Conjurations
  5436 | Temple   | Entered the Ecumenical Temple
  5470 | Temple   | Became a worshipper of Vehumet
  5604 | D:4      | Found a blossoming altar of Fedhas.
  5611 | D:4      | Your scales start taking on a pale cyan-grey colour.
  5611 | D:4      | Reached XP level 7. HP: 32/52 MP: 5/10
  5611 | D:4      | Gained mutation: You are immune to the effects of steam.
                  | [Pale Draconian growth]
  5863 | D:4      | Noticed Edmund
  6024 | D:5      | Entered Level 5 of the Dungeon
  6040 | D:5      | HP: 1/52 [ice beast (3)]
  6040 | D:5      | Slain by an ice beast

Illustrated notes

Levels and vault maps discovered:
D:1:      minmay_arrival_doors, layout_basic,
          shapermc_ecumenical_altar_totnotflames
D:2:      layout_basic
D:3:      layout_rooms, lemuel_round_altar, lemuel_crystal_altar,
          kennysheep_generic_room_2
D:4:      layout_rooms, fedhas_altar_3, minmay_temple_entry_glass,
          nicolae_shop_clearance, uniq_edmund, uniq_grinder
D:5:      layout_cave_pools, tgw_trog, pf_guarded_unrand_woodcutter
Temple:   corrupted_temple

Skill      XL: |  1  2  3  4  5  6 |
---------------+-------------------+-----
Stealth        | 2 |  2.3
Conjurations   | 5 6 7 |  7.6
Dodging        | 2 |  2.1
Fighting       | 1 |  1.0
Translocations | 2 |  2.9
Spellcasting   | |  2.5

Action                   |  1- 3 |  4- 6 |  7- 9 || total
-------------------------+-------+-------+-------++-------
Melee: Unarmed           |    54 |    52 |       ||   106
       Tailslap          |     6 |     5 |     3 ||    14
       Kick              |       |    16 |     4 ||    20
       Punch             |       |     2 |       ||     2
       Dagger            |       |     7 |    13 ||    20
 Cast: Magic Dart        |    25 |    18 |     3 ||    46
       Searing Ray       |    20 |    24 |     2 ||    46
       Iskenderun's Myst |       |     5 |     2 ||     7
  Use: Scroll            |       |     6 |     5 ||    11
       Potion            |       |     4 |     2 ||     6
Armor: Skin              |    23 |    34 |    33 ||    90
Dodge: Dodged            |    64 |    63 |    62 ||   189
